| TOP OF THE 1ST |
|
Bristol Pirates batting - Pitching for Danville Braves : LHP Alejandro Rivera
|
|
Pitching: LHP Alejandro Rivera
|
|
|
Batting: RHB Alex Arzate
|
0-0: Ball 1-0: Fly out, F8 (Flyball, 8RM, EV 93.8 MPH)
|
|
Batting: SHB Ronnie Brooks
|
0-0: Called Strike 0-1: SINGLE (Line Drive, 56, EV 93.8 MPH)
|
|
Batting: LHB Josh Aerni
|
0-0: Ball 1-0: Ball 2-0: Ball 3-0: Base on Balls Ronnie Brooks to second
|
|
Batting: RHB Ricky Alvarado
|
0-0: Ball 1-0: Ball 2-0: Called Strike 2-1: Ball 3-1: Base on Balls Ronnie Brooks to third Josh Aerni to second
|
|
Batting: LHB Kazuyoshi Ikeda
|
0-0: SINGLE (Groundball, 3D, EV 94.4 MPH) Ronnie Brooks scores Josh Aerni to third Ricky Alvarado to second Runner from 3rd tries for Home, SAFE, throw by RF to home
|
|
Batting: RHB Jon Solis
|
0-0: Swinging Strike 0-1: Called Strike 0-2: Ball 1-2: Strikes out swinging
|
|
Batting: RHB Hidesuke Yoshida
|
0-0: Swinging Strike 0-1: Swinging Strike 0-2: Foul Ball, location: 2F 0-2: Ball 1-2: Fly out, F9 (Flyball, 9D, EV 93.1 MPH)
|
| Top of the 1st over - 2 runs, 2 hits, 0 errors, 2 left on base; Bristol 2 - Danville 0 |
| BOTTOM OF THE 1ST |
|
Danville Braves batting - Pitching for Bristol Pirates : RHP Pete Griesser
|
|
Pitching: RHP Pete Griesser
|
|
|
Batting: RHB Danny Dimas
|
0-0: Called Strike 0-1: Hit by Pitch
|
|
Batting: LHB Mitsujiro Tanaka
|
0-0: Ball 1-0: Ball 2-0: SINGLE (Flyball, 56D, EV 90.0 MPH) Danny Dimas to second
|
|
Batting: LHB Ivan Castillo
|
0-0: Ball 1-0: Ball 2-0: Fielders Choice at 2nd, 3-6 (Groundball, 34S, EV 88.1 MPH) Danny Dimas to third
|
|
Batting: RHB Carlos Livas
|
0-0: Fielders Choice at 2nd, 1-6 (Groundball, 13S, EV 72.5 MPH)
|
|
Batting: RHB Richard Saquic
|
0-0: Ball 1-0: Fly out, F9 (Flyball, 89M, EV 85.0 MPH)
|
| Bottom of the 1st over - 0 runs, 1 hit, 0 errors, 2 left on base; Bristol 2 - Danville 0 |
| TOP OF THE 2ND |
|
Bristol Pirates batting - Pitching for Danville Braves : LHP Alejandro Rivera
|
|
Batting: RHB Ryan LeSueur
|
0-0: Ball 1-0: SINGLE (Groundball, 56S, EV 70.6 MPH) (infield hit)
|
|
Batting: SHB Juan Ayala
|
0-0: Fielders Choice at 2nd, 4-6 (Groundball, 4, EV 96.9 MPH)
|
|
Batting: RHB Alex Arzate
|
0-0: Fielders Choice at 2nd, 5-4 (Groundball, 56, EV 85.6 MPH)
|
|
Batting: SHB Ronnie Brooks
|
0-0: Called Strike 0-1: Foul Ball, location: 2F 0-2: Ball 1-2: Ball 2-2: Foul Ball, location: 2F 2-2: Foul Ball, location: 2F 2-2: Foul Ball, location: 2F 2-2: Ball 3-2: Foul Ball, location: 2F 3-2: Foul Ball, location: 2F 3-2: DOUBLE (Line Drive, 78D, EV 106.9 MPH) Alex Arzate to third Alex Arzate scores
|
|
Batting: LHB Josh Aerni
|
0-0: Called Strike 0-1: Ball 1-1: Foul Ball, location: 2F 1-2: Ball 2-2: Foul Ball, location: 2F 2-2: Ball Wild Pitch! Ronnie Brooks to third 3-2: SINGLE (Line Drive, 9S, EV 92.5 MPH) Ronnie Brooks scores
|
|
Batting: RHB Ricky Alvarado
|
Pickoff Throw to First - Out! 1-3
|
| Top of the 2nd over - 2 runs, 3 hits, 0 errors, 0 left on base; Bristol 4 - Danville 0 |
| BOTTOM OF THE 2ND |
|
Danville Braves batting - Pitching for Bristol Pirates : RHP Pete Griesser
|
|
Batting: RHB Vicente Guillen
|
0-0: Ball 1-0: Called Strike 1-1: Ball 2-1: Ball 3-1: Base on Balls
|
|
Batting: LHB Diego Garcia
|
0-0: Ball 1-0: Ball 2-0: Ball 3-0: Called Strike 3-1: Foul Ball, location: 2F 3-2: Strikes out swinging
|
|
Batting: RHB Paul Holland
|
0-0: Fielders Choice at 2nd, 6-4 (Groundball, 6, EV 86.2 MPH)
|
|
Batting: RHB Aaron Sartini
|
0-0: SINGLE (Groundball, 4MD, EV 103.8 MPH) Paul Holland to second Runner from 2nd tries for 3rd, OUT! 8-5
|
| Bottom of the 2nd over - 0 runs, 1 hit, 0 errors, 1 left on base; Bristol 4 - Danville 0 |
| TOP OF THE 3RD |
|
Bristol Pirates batting - Pitching for Danville Braves : LHP Alejandro Rivera
|
|
Batting: RHB Ricky Alvarado
|
0-0: Fly out, F7 (Flyball, 7, EV 88.1 MPH)
|
|
Batting: LHB Kazuyoshi Ikeda
|
0-0: Called Strike 0-1: Ball 1-1: Ball 2-1: Ball 3-1: Fly out, F9 (Flyball, 9, EV 74.4 MPH)
|
|
Batting: RHB Jon Solis
|
0-0: Ball 1-0: Foul Ball, location: 2F 1-1: Swinging Strike 1-2: Fly out, F9 (Flyball, 9, EV 93.1 MPH)
|
| Top of the 3rd over - 0 runs, 0 hits, 0 errors, 0 left on base; Bristol 4 - Danville 0 |
| BOTTOM OF THE 3RD |
|
Danville Braves batting - Pitching for Bristol Pirates : RHP Pete Griesser
|
|
Batting: RHB Danny Dimas
|
0-0: Ball 1-0: Swinging Strike 1-1: Ball 2-1: Foul Ball, location: 2F 2-2: Strikes out swinging, 2-3 out at first.
|
|
Batting: LHB Mitsujiro Tanaka
|
0-0: Called Strike 0-1: Swinging Strike 0-2: Ball 1-2: Foul Ball, location: 2F 1-2: Fly out, F9 (Flyball, 9D, EV 93.1 MPH)
|
|
Batting: LHB Ivan Castillo
|
0-0: Ball 1-0: Ball 2-0: Ball 3-0: Called Strike 3-1: Base on Balls
|
|
Batting: RHB Carlos Livas
|
0-0: Called Strike 0-1: Foul Ball, location: 2F Pickoff Throw to First - Out! 1-3
|
| Bottom of the 3rd over - 0 runs, 0 hits, 0 errors, 0 left on base; Bristol 4 - Danville 0 |
| TOP OF THE 4TH |
|
Bristol Pirates batting - Pitching for Danville Braves : LHP Alejandro Rivera
|
|
Batting: RHB Hidesuke Yoshida
|
0-0: Ground out 5-3 (Groundball, 56, EV 105.6 MPH)
|
|
Batting: RHB Ryan LeSueur
|
0-0: Ball 1-0: Foul Ball, location: 2F 1-1: Ball 2-1: Foul Ball, location: 2F 2-2: Foul Ball, location: 2F 2-2: Ground out 2-3 (Groundball, 2L, EV 61.9 MPH)
|
|
Batting: SHB Juan Ayala
|
0-0: Fly out, F9 (Line Drive, 9S, EV 91.2 MPH)
|
| Top of the 4th over - 0 runs, 0 hits, 0 errors, 0 left on base; Bristol 4 - Danville 0 |
| BOTTOM OF THE 4TH |
|
Danville Braves batting - Pitching for Bristol Pirates : RHP Pete Griesser
|
|
Batting: RHB Carlos Livas
|
0-0: Called Strike 0-1: Foul Ball, location: 2F 0-2: Strikes out swinging
|
|
Batting: RHB Richard Saquic
|
0-0: Called Strike 0-1: Ball 1-1: DOUBLE (Groundball, 5L, EV 105.0 MPH)
|
|
Batting: RHB Vicente Guillen
|
0-0: SINGLE (Groundball, 56D, EV 99.4 MPH) Richard Saquic to third Runner from 3rd tries for Home, SAFE, throw by LF to home Vicente Guillen to second
|
|
Batting: LHB Diego Garcia
|
0-0: Ball 1-0: Called Strike 1-1: Called Strike 1-2: Strikes out swinging
|
|
Batting: RHB Paul Holland
|
0-0: Called Strike 0-1: Foul Ball, location: 2F 0-2: Ball 1-2: Ground out 5-3 (Groundball, 56S, EV 85.0 MPH)
|
| Bottom of the 4th over - 1 run, 2 hits, 0 errors, 1 left on base; Bristol 4 - Danville 1 |
| TOP OF THE 5TH |
|
Bristol Pirates batting - Pitching for Danville Braves : LHP Alejandro Rivera
|
|
Batting: RHB Alex Arzate
|
0-0: Ball 1-0: Ground out 5-3 (Groundball, 56, EV 80.6 MPH)
|
|
Batting: SHB Ronnie Brooks
|
0-0: Ball 1-0: Ball 2-0: Called Strike 2-1: Foul Ball, location: 2F 2-2: Ground out 5-3 (Groundball, 56S, EV 86.2 MPH)
|
|
Batting: LHB Josh Aerni
|
0-0: Ball 1-0: Called Strike 1-1: Foul Ball, location: 2F 1-2: Foul Ball, location: 2F 1-2: SOLO HOME RUN (Flyball, 9D, EV 96.2 MPH), Distance : 348 ft
|
|
Pitching: RHP Jeremy Mash
|
|
|
Batting: RHB Ricky Alvarado
|
0-0: Ball 1-0: Ground out 5-3 (Groundball, 15, EV 80.0 MPH)
|
| Top of the 5th over - 1 run, 1 hit, 0 errors, 0 left on base; Bristol 5 - Danville 1 |
| BOTTOM OF THE 5TH |
|
Danville Braves batting - Pitching for Bristol Pirates : RHP Pete Griesser
|
|
Batting: RHB Aaron Sartini
|
0-0: Ball 1-0: Ball 2-0: Foul Ball, location: 2F 2-1: Called Strike 2-2: Strikes out swinging
|
|
Batting: RHB Danny Dimas
|
0-0: Ball 1-0: Ball 2-0: Ball 3-0: Called Strike 3-1: Called Strike 3-2: Base on Balls
|
|
Batting: LHB Mitsujiro Tanaka
|
0-0: Called Strike 0-1: Called Strike Danny Dimas steals 2nd base 0-2: Ball 1-2: Ball 2-2: Ground out 6-3 (Groundball, 56, EV 103.1 MPH)
|
|
Batting: LHB Ivan Castillo
|
0-0: DOUBLE (Line Drive, 7LD, EV 98.8 MPH) Danny Dimas scores
|
|
Batting: RHB Carlos Livas
|
0-0: Ball 1-0: Ball 2-0: Ball 3-0: Base on Balls
|
|
Batting: RHB Richard Saquic
|
0-0: Called Strike 0-1: Ball 1-1: Ball 2-1: Called Strike 2-2: Foul Ball, location: 2F 2-2: Ball 3-2: Base on Balls Ivan Castillo to third Carlos Livas to second
|
|
Batting: RHB Vicente Guillen
|
0-0: Fly out, F6 (Popup, 4MS, EV 80.6 MPH)
|
| Bottom of the 5th over - 1 run, 1 hit, 0 errors, 3 left on base; Bristol 5 - Danville 2 |
| TOP OF THE 6TH |
|
Bristol Pirates batting - Pitching for Danville Braves : RHP Jeremy Mash
|
|
Batting: LHB Kazuyoshi Ikeda
|
0-0: Ball 1-0: Ball 2-0: Foul Ball, location: 2F 2-1: Ball 3-1: Ground out 3-1 (Groundball, 34S, EV 82.5 MPH)
|
|
Batting: RHB Jon Solis
|
0-0: Called Strike 0-1: Foul Ball, location: 2F 0-2: Ball 1-2: Ball 2-2: Foul Ball, location: 2F 2-2: Fly out, F7 (Flyball, 7S, EV 71.9 MPH)
|
|
Batting: RHB Hidesuke Yoshida
|
0-0: Ball 1-0: Ground out 6-3 (Groundball, 6M, EV 109.4 MPH)
|
| Top of the 6th over - 0 runs, 0 hits, 0 errors, 0 left on base; Bristol 5 - Danville 2 |
| BOTTOM OF THE 6TH |
|
Danville Braves batting - Pitching for Bristol Pirates : RHP Pete Griesser
|
|
Pitching: RHP Nick Lockwood
|
|
|
Batting: LHB Diego Garcia
|
0-0: Called Strike 0-1: Ball 1-1: DOUBLE (Line Drive, 78D, EV 111.9 MPH)
|
|
Batting: RHB Paul Holland
|
0-0: Called Strike 0-1: Foul Ball, location: 2F 0-2: Strikes out swinging
|
|
Batting: RHB Aaron Sartini
|
0-0: Swinging Strike 0-1: Called Strike 0-2: Ball 1-2: Strikes out looking
|
|
Batting: RHB Danny Dimas
|
0-0: Called Strike 0-1: Swinging Strike 0-2: Fly out, F8 (Flyball, 8RD, EV 97.5 MPH)
|
| Bottom of the 6th over - 0 runs, 1 hit, 0 errors, 1 left on base; Bristol 5 - Danville 2 |
| TOP OF THE 7TH |
|
Bristol Pirates batting - Pitching for Danville Braves : RHP Jeremy Mash
|
|
Batting: RHB Ryan LeSueur
|
0-0: Foul Ball, location: 2F 0-1: Swinging Strike 0-2: Strikes out looking
|
|
Batting: SHB Juan Ayala
|
0-0: Ball 1-0: DOUBLE (Flyball, 89XD, EV 100.6 MPH)
|
|
Batting: RHB Alex Arzate
|
0-0: Fly out, F6 (Popup, 56, EV 70.0 MPH)
|
|
Batting: SHB Ronnie Brooks
|
0-0: Fly out, F8 (Flyball, 78M, EV 88.8 MPH)
|
| Top of the 7th over - 0 runs, 1 hit, 0 errors, 1 left on base; Bristol 5 - Danville 2 |
| BOTTOM OF THE 7TH |
|
Danville Braves batting - Pitching for Bristol Pirates : RHP Nick Lockwood
|
|
Batting: LHB Mitsujiro Tanaka
|
0-0: Ball 1-0: Foul Ball, location: 2F 1-1: Swinging Strike 1-2: Foul Ball, location: 2F 1-2: Ball 2-2: Strikes out swinging
|
|
Batting: LHB Ivan Castillo
|
0-0: Ball 1-0: Ground out 4-3 (Groundball, 4M, EV 98.8 MPH)
|
|
Batting: RHB Carlos Livas
|
0-0: Called Strike 0-1: Called Strike 0-2: Ball 1-2: Strikes out swinging
|
| Bottom of the 7th over - 0 runs, 0 hits, 0 errors, 0 left on base; Bristol 5 - Danville 2 |
| TOP OF THE 8TH |
|
Bristol Pirates batting - Pitching for Danville Braves : RHP Jeremy Mash
|
|
Batting: LHB Josh Aerni
|
0-0: Called Strike 0-1: Swinging Strike 0-2: Foul Ball, location: 2F 0-2: Ball 1-2: Strikes out looking
|
|
Batting: RHB Ricky Alvarado
|
0-0: SOLO HOME RUN (Flyball, 89XD, EV 100.0 MPH), Distance : 394 ft
|
|
Batting: LHB Kazuyoshi Ikeda
|
0-0: Called Strike 0-1: Swinging Strike 0-2: Ground out 4-3 (Groundball, 4, EV 86.9 MPH)
|
|
Batting: RHB Jon Solis
|
0-0: Ball 1-0: Ball 2-0: Swinging Strike 2-1: Ball 3-1: Ground out U3 (Groundball, 13, EV 91.9 MPH)
|
| Top of the 8th over - 1 run, 1 hit, 0 errors, 0 left on base; Bristol 6 - Danville 2 |
| BOTTOM OF THE 8TH |
|
Danville Braves batting - Pitching for Bristol Pirates : RHP Nick Lockwood
|
|
Batting: RHB Richard Saquic
|
0-0: Ball 1-0: Called Strike 1-1: Called Strike 1-2: Ball 2-2: Strikes out swinging
|
|
Batting: RHB Vicente Guillen
|
0-0: Called Strike 0-1: Ball 1-1: Swinging Strike 1-2: Ball 2-2: Foul Ball, location: 2F 2-2: Foul Ball, location: 2F 2-2: Ball 3-2: Strikes out looking
|
|
Pitching: RHP Onne Stubbe
|
|
|
Batting: LHB Diego Garcia
|
0-0: Ball 1-0: Swinging Strike 1-1: DOUBLE (Flyball, 78D, EV 96.2 MPH)
|
|
Batting: RHB Paul Holland
|
0-0: Ball 1-0: SINGLE (Groundball, 56D, EV 97.5 MPH) (infield hit) Diego Garcia to third
|
|
Pinch Hitting: RHB Rodolfo Cosme
|
0-0: Called Strike 0-1: Fly out, F7 (Flyball, 78M, EV 84.4 MPH)
|
| Bottom of the 8th over - 0 runs, 2 hits, 0 errors, 2 left on base; Bristol 6 - Danville 2 |
| TOP OF THE 9TH |
|
Bristol Pirates batting - Pitching for Danville Braves : RHP Jeremy Mash
|
|
Pitching: RHP Andrew Hodges
|
|
|
Now in LF: Mitsujiro Tanaka
|
|
|
Now in CF: Danny Dimas
|
|
|
Now in RF: Rodolfo Cosme
|
|
|
Batting: RHB Hidesuke Yoshida
|
0-0: Ball 1-0: Ball 2-0: Ground out 6-3 (Groundball, 6, EV 81.2 MPH)
|
|
Batting: RHB Ryan LeSueur
|
0-0: Foul Ball, location: 2F 0-1: Foul Ball, location: 2F 0-2: Strikes out swinging
|
|
Batting: SHB Juan Ayala
|
0-0: Called Strike 0-1: Ball 1-1: Foul Ball, location: 2F 1-2: Strikes out swinging
|
| Top of the 9th over - 0 runs, 0 hits, 0 errors, 0 left on base; Bristol 6 - Danville 2 |
| BOTTOM OF THE 9TH |
|
Danville Braves batting - Pitching for Bristol Pirates : RHP Onne Stubbe
|
|
Batting: RHB Danny Dimas
|
0-0: Called Strike 0-1: Ball 1-1: Swinging Strike 1-2: Strikes out looking
|
|
Batting: LHB Mitsujiro Tanaka
|
0-0: Called Strike 0-1: Ball 1-1: Ball 2-1: Swinging Strike 2-2: Ball 3-2: Strikes out swinging
|
|
Batting: LHB Ivan Castillo
|
0-0: Ball 1-0: Called Strike 1-1: SINGLE (Groundball, 56D, EV 95.0 MPH)
|
|
Pitching: LHP Adam Clarke
|
|
|
Batting: RHB Carlos Livas
|
0-0: Ball 1-0: Fielders Choice at 2nd, U4 (Groundball, 4M, EV 83.8 MPH)
|
| Bottom of the 9th over - 0 runs, 1 hit, 0 errors, 1 left on base; Bristol 6 - Danville 2 |
|